3525 views
Uploaded 2020-03-24 06:02:13
Game version 1.32.3
23:00 long 4on4 ladder game on (8)Deadlock_LV
Saved by Teelo
3525 views
Uploaded 2020-03-24 06:02:13
Game version 1.32.3
23:00 long 4on4 ladder game on (8)Deadlock_LV


165 units @ 21.7k
/ 2.2k
105 buildings @ 13.1k
/ 5.7k



| Rod of Necromancy | 5 | 750 |
| Ritual Dagger | 2 | 250 |
| Potion of Mana | 2 | 400 |
| Orb of Corruption | 2 | 750 |
| Scroll of Healing | 2 | 500 |
| Scroll of Town Portal | 4 | 1400 |
| total: | 17 | 4050g |
| Acolyte | 17 | 1275 | / | 0 |
| Ghoul | 22 | 2640 | / | 0 |
| Crypt Fiend | 12 | 2580 | / | 480 |
| Frost Wyrm | 4 | 1540 | / | 480 |
| Abomination | 6 | 1440 | / | 420 |
| total: | 61 | 9475g | / | 1380w |
| Spirit Tower | 2 | 290 | / | 80 |
| Nerubian Tower | 1 | 100 | / | 20 |
| Graveyard | 1 | 215 | / | 0 |
| Crypt | 2 | 400 | / | 100 |
| Ziggurat | 13 | 1950 | / | 650 |
| Altar of Darkness | 1 | 180 | / | 50 |
| Tomb of Relics | 1 | 130 | / | 30 |
| Necropolis | 1 | 225 | / | 0 |
| Sacrificial Pit | 1 | 75 | / | 150 |
| Slaughterhouse | 3 | 420 | / | 405 |
| Boneyard | 3 | 525 | / | 600 |
| Halls of the Dead | 1 | 320 | / | 210 |
| Black Citadel | 2 | 650 | / | 460 |
| total: | 26 | 4120g | / | 1985w |
| 0:07 | Acolyte |
| 0:07 | Acolyte |
| 0:37 | Graveyard |
| 0:43 | Crypt |
| 0:48 | Ziggurat |
| 1:03 | Altar of Darkness |
| 1:10 | Acolyte |
| 1:29 | Tomb of Relics |
| 1:38 | Ziggurat |
| 1:47 | Ghoul |
| 2:21 | Black Arrow |
| 2:23 | Crypt Fiend |
| 2:44 | Rod of Necromancy |
| 2:54 | Crypt Fiend |
| 3:20 | Crypt Fiend |
| 3:45 | Rod of Necromancy |
| 3:54 | Crypt Fiend |
| 4:17 | Acolyte |
| 4:25 | Silence |
| 4:35 | Necropolis |
| 4:47 | Acolyte |
| 4:47 | Acolyte |
| 4:55 | Ritual Dagger |
| 4:56 | Rod of Necromancy |
| 5:12 | Ziggurat |
| 5:44 | Halls of the Dead |
| 5:50 | Black Arrow |
| 6:12 | Crypt Fiend |
| 6:13 | Creature Attack |
| 6:29 | Rod of Necromancy |
| 6:37 | Acolyte |
| 6:44 | Crypt |
| 7:02 | Ziggurat |
| 7:19 | Ghoul |
| 7:20 | Ghoul |
| 7:54 | Scroll of Healing |
| 8:00 | Ghoul |
| 8:11 | Silence |
| 8:39 | Improved Creature Attack |
| 8:40 | Web |
| 8:41 | Crypt Fiend |
| 8:58 | Ziggurat |
| 9:16 | Ghoul |
| 9:20 | Frost Nova |
| 9:22 | Rod of Necromancy |
| 9:23 | Potion of Mana |
| 9:23 | Potion of Mana |
| 9:24 | Ritual Dagger |
| 10:13 | Crypt Fiend |
| 10:14 | Black Citadel |
| 10:24 | Creature Carapace |
| 10:29 | Sacrificial Pit |
| 10:44 | Crypt Fiend |
| 11:21 | Crypt Fiend |
| 11:36 | Ghoul |
| 11:36 | Ghoul |
| 11:36 | Ghoul |
| 11:36 | Ghoul |
| 11:37 | Ghoul |
| 11:37 | Ghoul |
| 11:37 | Ghoul |
| 11:38 | Ghoul |
| 11:38 | Ghoul |
| 11:39 | Ghoul |
| 11:43 | Advanced Creature Attack |
| 11:45 | Unholy Strength |
| 11:53 | Crypt Fiend |
| 12:01 | Spirit Tower |
| 12:15 | Acolyte |
| 12:15 | Acolyte |
| 12:15 | Acolyte |
| 12:28 | Scroll of Town Portal |
| 12:38 | Orb of Corruption |
| 12:39 | Scroll of Healing |
| 12:52 | Improved Unholy Strength |
| 13:03 | Black Citadel |
| 13:37 | Ghoul |
| 13:44 | Crypt Fiend |
| 13:48 | Boneyard |
| 13:49 | Boneyard |
| 13:51 | Boneyard |
| 14:28 | Ghoul |
| 14:32 | Ghoul |
| 14:33 | Ghoul |
| 14:33 | Ghoul |
| 14:33 | Ghoul |
| 14:57 | Black Arrow |
| 15:01 | Dark Ritual |
| 15:27 | Crypt Fiend |
| 15:47 | Slaughterhouse |
| 15:48 | Slaughterhouse |
| 15:48 | Slaughterhouse |
| 15:50 | Advanced Unholy Strength |
| 16:09 | Frost Wyrm |
| 16:12 | Ziggurat |
| 16:12 | Ziggurat |
| 16:13 | Ziggurat |
| 16:29 | Ziggurat |
| 16:29 | Ziggurat |
| 16:30 | Ziggurat |
| 16:31 | Ziggurat |
| 16:32 | Ziggurat |
| 16:46 | Improved Creature Carapace |
| 17:04 | Abomination |
| 17:08 | Unholy Armor |
| 17:11 | Charm |
| 17:17 | Frost Wyrm |
| 17:31 | Spirit Tower |
| 17:32 | Nerubian Tower |
| 17:40 | Scroll of Town Portal |
| 17:41 | Scroll of Town Portal |
| 17:58 | Abomination |
| 18:13 | Acolyte |
| 18:13 | Acolyte |
| 18:25 | Orb of Corruption |
| 18:29 | Scroll of Town Portal |
| 19:13 | Abomination |
| 19:39 | Frost Wyrm |
| 19:51 | Acolyte |
| 20:03 | Vampiric Aura |
| 20:20 | Carrion Swarm |
| 20:34 | Silence |
| 20:45 | Abomination |
| 21:05 | Vampiric Aura |
| 21:14 | Frost Wyrm |
| 21:22 | Inferno |
| 21:42 | Improved Unholy Armor |
| 21:43 | Abomination |
| 21:51 | Ghoul |
| 22:07 | Carrion Swarm |
| 22:13 | Acolyte |
| 22:13 | Acolyte |
| 22:13 | Acolyte |
| 22:13 | Acolyte |
| 22:45 | Freezing Breath |
| 22:54 | Disease Cloud |
| 22:55 | Abomination |
| Right click | 495 |
| Select | 465 |
| Select group | 222 |
| Misc. action | 184 |
| Build/train/purchase | 141 |
| Use ability | 42 |
| Assign group | 36 |
| Item give/drop | 7 |
| Remove unit | 7 |

| Rod of Necromancy | 1 | 150 |
| Ritual Dagger | 1 | 125 |
| Sacrificial Skull | 1 | 50 |
| total: | 3 | 325g |
| Acolyte | 6 | 450 | / | 0 |
| Ghoul | 19 | 2280 | / | 0 |
| total: | 25 | 2730g | / | 0w |
| Nerubian Tower | 2 | 200 | / | 40 |
| Crypt | 2 | 400 | / | 100 |
| Altar of Darkness | 1 | 180 | / | 50 |
| Ziggurat | 4 | 600 | / | 200 |
| Tomb of Relics | 1 | 130 | / | 30 |
| Graveyard | 1 | 215 | / | 0 |
| Halls of the Dead | 2 | 640 | / | 420 |
| total: | 9 | 1525g | / | 380w |
| 0:07 | Crypt |
| 0:13 | Altar of Darkness |
| 0:15 | Acolyte |
| 0:16 | Acolyte |
| 0:37 | Ziggurat |
| 0:56 | Tomb of Relics |
| 1:12 | Ghoul |
| 1:55 | Ghoul |
| 1:59 | Ziggurat |
| 2:18 | Ghoul |
| 2:30 | Crypt |
| 2:32 | Ziggurat |
| 2:41 | Ghoul |
| 2:54 | Rod of Necromancy |
| 3:04 | Carrion Swarm |
| 3:05 | Ghoul |
| 3:20 | Ghoul |
| 3:23 | Ziggurat |
| 4:03 | Ghoul |
| 4:23 | Ghoul |
| 4:24 | Ghoul |
| 4:52 | Ghoul |
| 5:20 | Ghoul |
| 5:40 | Ghoul |
| 5:53 | Ghoul |
| 6:18 | Ghoul |
| 6:22 | Nerubian Tower |
| 6:52 | Ritual Dagger |
| 6:56 | Ghoul |
| 7:03 | Sacrificial Skull |
| 7:18 | Ghoul |
| 7:22 | Acolyte |
| 7:42 | Ghoul |
| 8:04 | Vampiric Aura |
| 8:22 | Ghoul |
| 8:26 | Acolyte |
| 8:26 | Acolyte |
| 8:26 | Acolyte |
| 8:52 | Ghoul |
| 9:05 | Graveyard |
| 9:31 | Halls of the Dead |
| Right click | 477 |
| Select group | 285 |
| Select | 143 |
| Assign group | 53 |
| Build/train/purchase | 44 |
| Chat | 27 |
| Misc. action | 13 |
| Use ability | 9 |
| Esc | 2 |
| Item give/drop | 1 |
masterbro
(2)
(22:59) : 
| Potion of Healing | 6 | 900 |
| Scroll of Town Portal | 5 | 1750 |
| total: | 11 | 2650g |
| Wisp | 17 | 1020 | / | 0 |
| Archer | 17 | 2210 | / | 170 |
| Huntress | 2 | 390 | / | 40 |
| Hippogryph | 3 | 480 | / | 60 |
| total: | 39 | 4100g | / | 270w |
| Ancient Protector | 11 | 1485 | / | 880 |
| Moon Well | 6 | 1080 | / | 240 |
| Ancient of Wonders | 1 | 90 | / | 30 |
| Altar of Elders | 1 | 180 | / | 50 |
| Ancient of War | 2 | 300 | / | 120 |
| Hunter's Hall | 1 | 210 | / | 100 |
| Ancient of Wind | 1 | 150 | / | 140 |
| Tree of Ages | 1 | 320 | / | 180 |
| total: | 23 | 3495g | / | 1560w |
| 0:02 | Wisp |
| 0:02 | Wisp |
| 0:03 | Wisp |
| 0:03 | Wisp |
| 0:03 | Wisp |
| 0:22 | Moon Well |
| 0:44 | Wisp |
| 0:51 | Wisp |
| 1:11 | Ancient of Wonders |
| 1:16 | Altar of Elders |
| 1:20 | Wisp |
| 1:24 | Moon Well |
| 1:32 | Wisp |
| 1:39 | Ancient of War |
| 1:45 | Wisp |
| 1:54 | Wisp |
| 2:23 | Ancient of War |
| 2:28 | Wisp |
| 2:38 | Moon Well |
| 2:41 | Archer |
| 2:58 | Archer |
| 3:16 | Scout |
| 3:26 | Archer |
| 3:49 | Archer |
| 4:07 | Archer |
| 4:26 | Archer |
| 4:41 | Archer |
| 5:02 | Moon Well |
| 5:20 | Trueshot Aura |
| 5:32 | Archer |
| 6:24 | Tree of Ages |
| 6:37 | Archer |
| 6:44 | Hunter's Hall |
| 7:25 | Archer |
| 8:08 | Moon Well |
| 8:15 | Huntress |
| 8:51 | Improved Bows |
| 8:54 | Strength of the Moon |
| 9:01 | Moon Well |
| 9:09 | Ancient of Wind |
| 9:22 | Moon Glaive |
| 9:25 | Huntress |
| 9:46 | Ancient Protector |
| 10:21 | Scroll of Town Portal |
| 10:31 | Potion of Healing |
| 10:49 | Hippogryph |
| 10:52 | Trueshot Aura |
| 11:01 | Archer |
| 11:19 | Potion of Healing |
| 11:36 | Potion of Healing |
| 11:49 | Hippogryph |
| 12:19 | Scroll of Town Portal |
| 12:56 | Improved Strength of the Moon |
| 13:02 | Nature's Blessing |
| 13:27 | Archer |
| 14:04 | Scroll of Town Portal |
| 14:13 | Searing Arrows |
| 14:34 | Archer |
| 14:51 | Ancient Protector |
| 15:05 | Trueshot Aura |
| 15:20 | Ancient Protector |
| 15:25 | Ancient Protector |
| 15:32 | Ancient Protector |
| 15:36 | Hippogryph |
| 15:57 | Moon Armor |
| 15:59 | Archer |
| 16:41 | Scroll of Town Portal |
| 16:48 | Ancient Protector |
| 17:03 | Ancient Protector |
| 17:07 | Wisp |
| 17:25 | Archer |
| 17:39 | Archer |
| 17:59 | Ancient Protector |
| 18:03 | Ancient Protector |
| 18:04 | Wisp |
| 18:16 | Potion of Healing |
| 18:18 | Wisp |
| 18:28 | Ancient Protector |
| 18:34 | Wisp |
| 18:54 | Wisp |
| 19:23 | Ancient Protector |
| 19:37 | Potion of Healing |
| 19:47 | Starfall |
| 20:08 | Scroll of Town Portal |
| 20:08 | Potion of Healing |
| 21:34 | Improved Moon Armor |
| 22:18 | Searing Arrows |
| 22:32 | Archer |
| Select group | 595 |
| Select | 542 |
| Right click | 514 |
| Misc. action | 316 |
| Build/train/purchase | 110 |
| Assign group | 99 |
| Chat | 9 |
| Use ability | 7 |
| Minimap ping | 6 |
| Resource trade | 4 |

| Scroll of Regeneration | 3 | 300 |
| Lesser Clarity Potion | 3 | 210 |
| Potion of Healing | 1 | 150 |
| Potion of Mana | 1 | 200 |
| Orb of Fire | 1 | 325 |
| Scroll of Town Portal | 3 | 1050 |
| total: | 12 | 2235g |
| Peasant | 22 | 1650 | / | 0 |
| Spell Breaker | 7 | 1505 | / | 210 |
| Rifleman | 11 | 2255 | / | 330 |
| total: | 40 | 5410g | / | 540w |
| Scout Tower | 25 | 750 | / | 500 |
| Arcane Tower | 3 | 210 | / | 150 |
| Guard Tower | 14 | 980 | / | 700 |
| Altar of Kings | 1 | 180 | / | 50 |
| Farm | 11 | 880 | / | 220 |
| Lumber Mill | 1 | 120 | / | 0 |
| Arcane Vault | 1 | 130 | / | 30 |
| Town Hall | 3 | 1155 | / | 615 |
| Blacksmith | 1 | 140 | / | 60 |
| Barracks | 3 | 480 | / | 180 |
| Arcane Sanctum | 1 | 150 | / | 140 |
| Keep | 1 | 320 | / | 210 |
| Castle | 1 | 360 | / | 210 |
| total: | 47 | 3985g | / | 1795w |
| 0:02 | Peasant |
| 0:02 | Peasant |
| 0:02 | Peasant |
| 0:11 | Peasant |
| 0:22 | Altar of Kings |
| 0:25 | Peasant |
| 0:34 | Farm |
| 0:36 | Peasant |
| 0:50 | Lumber Mill |
| 0:55 | Peasant |
| 0:55 | Peasant |
| 1:07 | Scout Tower |
| 1:15 | Farm |
| 1:36 | Arcane Tower |
| 1:44 | Peasant |
| 1:45 | Peasant |
| 2:11 | Scout Tower |
| 2:13 | Scout Tower |
| 2:16 | Improved Masonry |
| 2:18 | Scout Tower |
| 2:21 | Scout Tower |
| 2:23 | Flame Strike |
| 2:28 | Peasant |
| 2:28 | Peasant |
| 2:38 | Guard Tower |
| 3:05 | Guard Tower |
| 3:06 | Arcane Vault |
| 3:23 | Scout Tower |
| 3:24 | Guard Tower |
| 3:33 | Peasant |
| 3:33 | Peasant |
| 3:34 | Peasant |
| 3:47 | Scout Tower |
| 3:49 | Scout Tower |
| 3:52 | Scout Tower |
| 3:53 | Guard Tower |
| 4:03 | Scout Tower |
| 4:13 | Scroll of Regeneration |
| 4:13 | Lesser Clarity Potion |
| 4:15 | Scroll of Regeneration |
| 4:15 | Lesser Clarity Potion |
| 4:20 | Guard Tower |
| 4:25 | Guard Tower |
| 4:27 | Arcane Tower |
| 4:31 | Guard Tower |
| 5:14 | Siphon Mana |
| 5:22 | Keep |
| 5:30 | Town Hall |
| 5:36 | Scout Tower |
| 5:40 | Lesser Clarity Potion |
| 6:01 | Blacksmith |
| 6:31 | Arcane Tower |
| 6:32 | Scout Tower |
| 6:36 | Scout Tower |
| 6:38 | Scout Tower |
| 6:41 | Peasant |
| 7:20 | Iron Forged Swords |
| 7:20 | Iron Plating |
| 7:52 | Arcane Sanctum |
| 7:55 | Castle |
| 9:02 | Steel Forged Swords |
| 9:08 | Magic Sentry |
| 9:08 | Spell Breaker |
| 9:09 | Spell Breaker |
| 9:41 | Town Hall |
| 9:42 | Scout Tower |
| 9:43 | Scout Tower |
| 9:44 | Scout Tower |
| 9:44 | Scout Tower |
| 10:38 | Guard Tower |
| 10:51 | Improved Lumber Harvesting |
| 10:53 | Peasant |
| 10:53 | Peasant |
| 10:53 | Peasant |
| 10:53 | Peasant |
| 11:10 | Farm |
| 11:12 | Farm |
| 11:14 | Farm |
| 11:51 | Barracks |
| 11:54 | Black Gunpowder |
| 12:08 | Peasant |
| 12:08 | Peasant |
| 12:12 | Barracks |
| 12:17 | Barracks |
| 12:28 | Flame Strike |
| 12:30 | Potion of Healing |
| 12:30 | Potion of Mana |
| 12:56 | Spell Breaker |
| 13:02 | Scroll of Regeneration |
| 13:05 | Scroll of Town Portal |
| 13:12 | Long Rifles |
| 13:40 | Rifleman |
| 14:26 | Rifleman |
| 14:26 | Rifleman |
| 14:47 | Spell Breaker |
| 14:47 | Spell Breaker |
| 15:22 | Farm |
| 15:25 | Farm |
| 15:41 | Spell Breaker |
| 16:01 | Rifleman |
| 16:03 | Rifleman |
| 16:19 | Refined Gunpowder |
| 16:40 | Scout Tower |
| 16:40 | Scout Tower |
| 16:41 | Scout Tower |
| 16:42 | Scout Tower |
| 16:45 | Scout Tower |
| 16:55 | Spell Breaker |
| 17:06 | Guard Tower |
| 17:08 | Guard Tower |
| 17:13 | Guard Tower |
| 17:21 | Guard Tower |
| 17:26 | Guard Tower |
| 17:39 | Siphon Mana |
| 18:02 | Town Hall |
| 18:17 | Scout Tower |
| 18:17 | Scout Tower |
| 18:34 | Rifleman |
| 18:38 | Studded Leather Armor |
| 19:29 | Scroll of Town Portal |
| 20:25 | Rifleman |
| 20:32 | Guard Tower |
| 20:37 | Farm |
| 20:38 | Farm |
| 20:38 | Farm |
| 20:39 | Farm |
| 20:42 | Imbued Gunpowder |
| 20:48 | Scroll of Town Portal |
| 20:51 | Orb of Fire |
| 21:01 | Rifleman |
| 21:24 | Rifleman |
| 21:38 | Rifleman |
| 21:42 | Reinforced Leather Armor |
| 22:13 | Flame Strike |
| 22:38 | Summon Phoenix |
| 22:44 | Rifleman |
| Select group | 518 |
| Right click | 312 |
| Select | 224 |
| Chat | 138 |
| Assign group | 133 |
| Build/train/purchase | 111 |
| Misc. action | 92 |
| Use ability | 34 |
| Esc | 5 |
| Minimap ping | 4 |
189 units @ 27k
/ 4.9k
78 buildings @ 13.2k
/ 5.2k


| Potion of Healing | 2 | 300 |
| Potion of Mana | 2 | 400 |
| Moonstone | 1 | 50 |
| Staff of Preservation | 1 | 150 |
| Orb of Venom | 1 | 325 |
| Scroll of Town Portal | 2 | 700 |
| total: | 9 | 1925g |
| Wisp | 26 | 1560 | / | 0 |
| Archer | 8 | 1040 | / | 80 |
| Dryad | 27 | 3915 | / | 1620 |
| Druid of the Claw | 13 | 3315 | / | 1040 |
| total: | 74 | 9830g | / | 2740w |
| Ancient Protector | 3 | 405 | / | 240 |
| Ancient of War | 2 | 300 | / | 120 |
| Altar of Elders | 2 | 360 | / | 100 |
| Moon Well | 8 | 1440 | / | 320 |
| Tree of Life | 1 | 340 | / | 185 |
| Hunter's Hall | 1 | 210 | / | 100 |
| Ancient of Wonders | 1 | 90 | / | 30 |
| Ancient of Lore | 4 | 620 | / | 580 |
| Tree of Ages | 1 | 320 | / | 180 |
| Tree of Eternity | 1 | 330 | / | 200 |
| total: | 22 | 3765g | / | 1675w |
| 0:02 | Wisp |
| 0:05 | Ancient of War |
| 0:06 | Altar of Elders |
| 0:07 | Altar of Elders |
| 0:09 | Ancient of War |
| 0:21 | Moon Well |
| 0:23 | Wisp |
| 0:38 | Wisp |
| 0:53 | Wisp |
| 1:10 | Archer |
| 1:16 | Wisp |
| 1:33 | Moon Well |
| 1:40 | Archer |
| 1:53 | Archer |
| 2:09 | Archer |
| 2:10 | Force of Nature |
| 2:24 | Wisp |
| 2:26 | Wisp |
| 2:31 | Archer |
| 3:18 | Tree of Life |
| 3:21 | Archer |
| 3:23 | Wisp |
| 3:25 | Wisp |
| 3:46 | Entangling Roots |
| 4:04 | Tree of Ages |
| 4:49 | Moon Well |
| 4:52 | Hunter's Hall |
| 4:57 | Ancient of Wonders |
| 5:48 | Archer |
| 5:49 | Archer |
| 5:51 | Wisp |
| 5:51 | Wisp |
| 5:51 | Wisp |
| 5:51 | Wisp |
| 5:51 | Wisp |
| 6:36 | Ancient of Lore |
| 7:03 | Force of Nature |
| 7:25 | Ancient of Lore |
| 7:29 | Ancient Protector |
| 7:30 | Wisp |
| 7:30 | Wisp |
| 7:30 | Wisp |
| 7:33 | Searing Arrows |
| 8:06 | Dryad |
| 8:08 | Wisp |
| 8:08 | Wisp |
| 8:20 | Moon Well |
| 8:23 | Dryad |
| 8:23 | Dryad |
| 8:24 | Dryad |
| 8:50 | Scroll of Town Portal |
| 8:50 | Potion of Healing |
| 8:55 | Dryad |
| 8:55 | Dryad |
| 8:59 | Abolish Magic |
| 8:59 | Druid of the Claw Adept Training |
| 9:16 | Moon Well |
| 9:26 | Ancient Protector |
| 10:17 | Dryad |
| 10:17 | Dryad |
| 10:22 | Potion of Mana |
| 10:24 | Moonstone |
| 10:25 | Potion of Healing |
| 10:25 | Potion of Mana |
| 10:42 | Tree of Eternity |
| 10:44 | Dryad |
| 10:44 | Dryad |
| 10:47 | Druid of the Claw |
| 10:48 | Druid of the Claw |
| 11:05 | Trueshot Aura |
| 11:34 | Entangling Roots |
| 11:50 | Dryad |
| 11:50 | Dryad |
| 11:50 | Dryad |
| 11:53 | Strength of the Wild |
| 11:53 | Reinforced Hides |
| 11:56 | Wisp |
| 11:56 | Wisp |
| 11:57 | Wisp |
| 11:57 | Wisp |
| 11:57 | Wisp |
| 12:56 | Druid of the Claw |
| 13:02 | Ancient Protector |
| 13:03 | Dryad |
| 13:04 | Dryad |
| 13:09 | Druid of the Claw Master Training |
| 13:11 | Druid of the Claw |
| 13:58 | Ancient of Lore |
| 14:00 | Druid of the Claw |
| 14:00 | Druid of the Claw |
| 14:01 | Druid of the Claw |
| 14:12 | Improved Strength of the Wild |
| 15:10 | Ancient of Lore |
| 15:12 | Wisp |
| 15:13 | Wisp |
| 15:14 | Druid of the Claw |
| 15:37 | Searing Arrows |
| 15:39 | Dryad |
| 15:39 | Dryad |
| 15:44 | Druid of the Claw |
| 16:30 | Druid of the Claw |
| 16:34 | Dryad |
| 16:35 | Dryad |
| 16:35 | Dryad |
| 16:35 | Dryad |
| 16:41 | Moon Well |
| 16:46 | Moon Well |
| 18:16 | Staff of Preservation |
| 18:27 | Scroll of Town Portal |
| 18:30 | Orb of Venom |
| 19:02 | Druid of the Claw |
| 19:04 | Dryad |
| 19:07 | Moon Well |
| 20:15 | Dryad |
| 20:16 | Druid of the Claw |
| 20:17 | Mark of the Claw |
| 20:19 | Druid of the Claw |
| 20:19 | Dryad |
| 20:20 | Dryad |
| 20:20 | Dryad |
| 20:20 | Dryad |
| 20:46 | Entangling Roots |
| Right click | 680 |
| Select | 334 |
| Build/train/purchase | 120 |
| Minimap ping | 62 |
| Use ability | 54 |
| Select group | 38 |
| Resource trade | 10 |
| Remove unit | 8 |
| Assign group | 4 |


| Healing Salve | 1 | 100 |
| Scroll of Town Portal | 3 | 1050 |
| Orb of Venom | 1 | 325 |
| total: | 5 | 1475g |
| Peon | 19 | 1425 | / | 0 |
| Grunt | 9 | 1800 | / | 0 |
| Troll Headhunter | 4 | 560 | / | 80 |
| Troll Witch Doctor | 2 | 290 | / | 50 |
| Wind Rider | 1 | 265 | / | 40 |
| total: | 35 | 4340g | / | 170w |
| Watch Tower | 3 | 330 | / | 240 |
| Altar of Storms | 2 | 360 | / | 100 |
| Orc Burrow | 8 | 1280 | / | 320 |
| Barracks | 2 | 360 | / | 100 |
| War Mill | 2 | 410 | / | 0 |
| Voodoo Lounge | 1 | 130 | / | 30 |
| Great Hall | 2 | 770 | / | 370 |
| Beastiary | 3 | 435 | / | 420 |
| Spirit Lodge | 1 | 150 | / | 150 |
| Stronghold | 1 | 315 | / | 190 |
| Fortress | 1 | 325 | / | 190 |
| total: | 24 | 4225g | / | 1730w |
| 0:03 | Peon |
| 0:03 | Peon |
| 0:03 | Peon |
| 0:20 | Altar of Storms |
| 0:28 | Orc Burrow |
| 0:47 | Peon |
| 0:53 | Barracks |
| 0:59 | Peon |
| 1:12 | Peon |
| 1:37 | Orc Burrow |
| 1:43 | War Mill |
| 1:54 | Grunt |
| 2:21 | Endurance Aura |
| 2:30 | Grunt |
| 2:37 | Barracks |
| 2:41 | Peon |
| 2:52 | Orc Burrow |
| 3:08 | Grunt |
| 3:29 | Steel Armor |
| 3:41 | Grunt |
| 3:54 | Troll Headhunter |
| 4:22 | Troll Headhunter |
| 5:07 | Stronghold |
| 5:08 | Steel Melee Weapons |
| 5:25 | Watch Tower |
| 5:32 | Steel Ranged Weapons |
| 6:12 | Shockwave |
| 6:33 | Spiked Barricades |
| 6:35 | Troll Headhunter |
| 6:40 | Orc Burrow |
| 7:07 | Watch Tower |
| 7:44 | Voodoo Lounge |
| 7:45 | Peon |
| 7:46 | Peon |
| 7:46 | Peon |
| 7:46 | Peon |
| 7:48 | Pillage |
| 8:02 | Endurance Aura |
| 8:32 | Healing Wave |
| 8:49 | Great Hall |
| 8:56 | Orc Burrow |
| 9:05 | Healing Salve |
| 9:15 | Scroll of Town Portal |
| 10:43 | Grunt |
| 10:44 | Troll Headhunter |
| 10:45 | Berserker Strength |
| 10:46 | Troll Regeneration |
| 11:00 | Hex |
| 11:05 | Thorium Armor |
| 11:46 | Beastiary |
| 11:53 | Spirit Lodge |
| 11:58 | Peon |
| 11:58 | Peon |
| 11:58 | Peon |
| 11:59 | Peon |
| 12:39 | Fortress |
| 12:57 | War Mill |
| 13:50 | Thorium Melee Weapons |
| 13:57 | Scroll of Town Portal |
| 13:57 | Orb of Venom |
| 14:28 | Thorium Ranged Weapons |
| 14:48 | Shockwave |
| 15:00 | Grunt |
| 15:03 | Witch Doctor Adept Training |
| 15:04 | Troll Witch Doctor |
| 15:11 | Healing Wave |
| 15:59 | Watch Tower |
| 16:04 | Grunt |
| 16:17 | Beastiary |
| 16:34 | Grunt |
| 16:40 | Witch Doctor Master Training |
| 17:18 | Hex |
| 17:30 | Envenomed Spears |
| 17:58 | Great Hall |
| 18:10 | Grunt |
| 19:23 | Orc Burrow |
| 19:24 | Orc Burrow |
| 19:29 | Orc Burrow |
| 19:38 | Scroll of Town Portal |
| 20:52 | Peon |
| 20:52 | Peon |
| 20:52 | Peon |
| 20:52 | Peon |
| 21:22 | Beastiary |
| 21:28 | Arcanite Armor |
| 21:46 | Altar of Storms |
| 22:35 | Wind Rider |
| 22:39 | Troll Witch Doctor |
| Right click | 270 |
| Select | 253 |
| Select group | 214 |
| Build/train/purchase | 66 |
| Use ability | 33 |
| Assign group | 17 |
| Misc. action | 6 |
| Resource trade | 5 |
| Minimap ping | 4 |
| Item give/drop | 1 |
| Remove unit | 1 |

| Orb of Lightning | 1 | 375 |
| Healing Salve | 2 | 200 |
| Lesser Clarity Potion | 1 | 70 |
| Potion of Healing | 4 | 600 |
| Potion of Mana | 1 | 200 |
| Scroll of Town Portal | 2 | 700 |
| total: | 11 | 2145g |
| Peon | 18 | 1350 | / | 0 |
| Wind Rider | 7 | 1855 | / | 280 |
| Troll Batrider | 26 | 4160 | / | 1040 |
| Kodo Beast | 3 | 765 | / | 180 |
| total: | 54 | 8130g | / | 1500w |
| Watch Tower | 2 | 220 | / | 160 |
| Altar of Storms | 1 | 180 | / | 50 |
| Orc Burrow | 7 | 1120 | / | 280 |
| War Mill | 2 | 410 | / | 0 |
| Voodoo Lounge | 1 | 130 | / | 30 |
| Great Hall | 1 | 385 | / | 185 |
| Beastiary | 3 | 435 | / | 420 |
| Stronghold | 1 | 315 | / | 190 |
| Fortress | 1 | 325 | / | 190 |
| total: | 17 | 2880g | / | 1125w |
| 0:01 | Peon |
| 0:01 | Peon |
| 0:04 | Altar of Storms |
| 0:08 | Orc Burrow |
| 0:33 | Peon |
| 0:46 | Peon |
| 0:53 | War Mill |
| 0:57 | War Mill |
| 0:58 | Peon |
| 1:07 | Voodoo Lounge |
| 1:15 | Peon |
| 1:32 | Orc Burrow |
| 1:36 | Peon |
| 1:51 | Peon |
| 2:13 | Watch Tower |
| 2:17 | Critical Strike |
| 2:22 | Peon |
| 2:23 | Peon |
| 2:51 | Stronghold |
| 3:13 | Wind Walk |
| 3:21 | Orc Burrow |
| 4:01 | Spiked Barricades |
| 4:04 | Watch Tower |
| 4:19 | Great Hall |
| 5:16 | Beastiary |
| 5:17 | Beastiary |
| 5:28 | Peon |
| 5:59 | Critical Strike |
| 6:04 | Fortress |
| 6:30 | Wind Rider |
| 6:33 | Orc Burrow |
| 7:12 | Wind Rider |
| 7:21 | Steel Ranged Weapons |
| 7:22 | Peon |
| 7:22 | Peon |
| 7:22 | Peon |
| 8:05 | Troll Batrider |
| 8:06 | Troll Batrider |
| 8:11 | Peon |
| 9:00 | Envenomed Spears |
| 9:02 | Liquid Fire |
| 9:04 | Peon |
| 9:06 | Peon |
| 9:34 | Orb of Lightning |
| 9:34 | Healing Salve |
| 9:48 | Wind Rider |
| 10:22 | Troll Batrider |
| 10:24 | Troll Batrider |
| 10:31 | Wind Walk |
| 11:36 | Kodo Beast |
| 11:37 | Troll Batrider |
| 11:37 | Troll Batrider |
| 11:37 | Troll Batrider |
| 12:32 | Troll Batrider |
| 12:34 | Orc Burrow |
| 12:35 | Orc Burrow |
| 13:08 | Troll Batrider |
| 14:11 | Kodo Beast |
| 14:12 | Troll Batrider |
| 14:12 | Troll Batrider |
| 14:12 | Troll Batrider |
| 14:12 | Troll Batrider |
| 14:19 | Orc Burrow |
| 14:54 | Critical Strike |
| 15:20 | Troll Batrider |
| 15:21 | Troll Batrider |
| 16:01 | Steel Armor |
| 16:01 | Thorium Ranged Weapons |
| 16:05 | Troll Batrider |
| 16:42 | Troll Batrider |
| 16:56 | Beastiary |
| 16:59 | Peon |
| 17:10 | Lesser Clarity Potion |
| 18:04 | Troll Batrider |
| 18:04 | Troll Batrider |
| 19:58 | Kodo Beast |
| 19:59 | Troll Batrider |
| 20:00 | Troll Batrider |
| 20:00 | Troll Batrider |
| 20:00 | Troll Batrider |
| 20:34 | Troll Batrider |
| 20:39 | Potion of Healing |
| 20:39 | Potion of Mana |
| 20:40 | Scroll of Town Portal |
| 20:43 | Healing Salve |
| 20:58 | Wind Rider |
| 20:58 | Wind Rider |
| 20:58 | Wind Rider |
| 20:58 | Wind Rider |
| 21:04 | Bladestorm |
| 21:18 | Potion of Healing |
| 21:28 | Troll Batrider |
| 21:28 | Troll Batrider |
| 21:41 | Scroll of Town Portal |
| 21:52 | Potion of Healing |
| 22:11 | Potion of Healing |
| Right click | 1275 |
| Select group | 630 |
| Select | 267 |
| Build/train/purchase | 116 |
| Misc. action | 39 |
| Use ability | 28 |
| Assign group | 25 |
| Resource trade | 11 |
| Minimap ping | 4 |
| Item give/drop | 2 |
| Remove unit | 1 |

| Scroll of Speed | 5 | 250 |
| Healing Salve | 2 | 200 |
| Potion of Healing | 1 | 150 |
| Scroll of Town Portal | 1 | 350 |
| total: | 9 | 950g |
| Peon | 8 | 600 | / | 0 |
| Grunt | 12 | 2400 | / | 0 |
| Tauren | 6 | 1680 | / | 480 |
| total: | 26 | 4680g | / | 480w |
| Watch Tower | 1 | 110 | / | 80 |
| Orc Burrow | 7 | 1120 | / | 280 |
| Altar of Storms | 1 | 180 | / | 50 |
| Barracks | 1 | 180 | / | 50 |
| War Mill | 1 | 205 | / | 0 |
| Voodoo Lounge | 3 | 390 | / | 90 |
| Tauren Totem | 1 | 135 | / | 155 |
| Stronghold | 1 | 315 | / | 190 |
| Fortress | 1 | 325 | / | 190 |
| total: | 15 | 2320g | / | 705w |
| 0:05 | Orc Burrow |
| 0:09 | Peon |
| 0:09 | Peon |
| 0:16 | Altar of Storms |
| 0:18 | Peon |
| 0:56 | Peon |
| 1:03 | Barracks |
| 1:09 | Peon |
| 1:10 | Peon |
| 1:26 | Orc Burrow |
| 1:42 | Peon |
| 1:54 | Pillage |
| 2:01 | Peon |
| 2:09 | Orc Burrow |
| 2:15 | Wind Walk |
| 2:24 | Grunt |
| 2:47 | War Mill |
| 3:04 | Grunt |
| 4:03 | Steel Armor |
| 4:18 | Voodoo Lounge |
| 4:21 | Stronghold |
| 5:24 | Voodoo Lounge |
| 6:13 | Orc Burrow |
| 6:24 | Critical Strike |
| 6:31 | Orc Burrow |
| 6:38 | Voodoo Lounge |
| 6:47 | Spiked Barricades |
| 7:02 | Reinforced Defenses |
| 7:32 | Berserker Strength |
| 7:39 | Orc Burrow |
| 8:04 | Fortress |
| 8:53 | Grunt |
| 8:57 | Watch Tower |
| 9:09 | Scroll of Speed |
| 10:43 | Grunt |
| 10:44 | Grunt |
| 10:53 | Tauren Totem |
| 10:58 | Orc Burrow |
| 11:00 | Backpack |
| 11:01 | Thorium Armor |
| 11:03 | Grunt |
| 11:17 | Healing Salve |
| 11:30 | Scroll of Speed |
| 11:39 | Steel Melee Weapons |
| 12:23 | Arcanite Armor |
| 12:46 | Tauren |
| 12:47 | Tauren |
| 13:36 | Pulverize |
| 13:37 | Tauren |
| 13:37 | Tauren |
| 13:42 | Grunt |
| 13:43 | Grunt |
| 13:49 | Scroll of Speed |
| 14:59 | Critical Strike |
| 15:24 | Wind Walk |
| 15:42 | Tauren |
| 15:42 | Tauren |
| 15:45 | Grunt |
| 15:45 | Grunt |
| 16:43 | Scroll of Speed |
| 16:52 | Healing Salve |
| 17:56 | Critical Strike |
| 19:15 | Scroll of Speed |
| 19:17 | Scroll of Town Portal |
| 19:20 | Potion of Healing |
| 20:57 | Grunt |
| 20:58 | Grunt |
| Right click | 1078 |
| Select | 251 |
| Build/train/purchase | 80 |
| Use ability | 9 |
| Item give/drop | 2 |
| Remove unit | 1 |
⇛